AoeStats
← alexh30

Glade

510434677Analyzed
1v1 RM · 2d ago on Oct 1, 2026· 35m 57s· 2 players
Game mode
Random Map
Map size
Tiny (2 player)
Population
200
Speed
Normal
Resources
Standard
Victory
Conquest
Starting age
Dark Age
Ending age
Imperial Age
RankedLock teamsTeams togetherTeam positionsShared explorationLock speedFull tech treeHidden civsTurbo modeCheats
Victory
Defeat
🇫🇷 Saxons · France
1041
+16
🇺🇸 Britons · United States
1040
-16
alexh30
6:12 Loom
10:01 Feudal Age
10:36 Double-Bit Axe
10:34 Horse Collar
20:27 Forging
20:25 Scale Barding Armor
21:21 Fletching
21:32 Padded Archer Armor
25:07 Castle Age
23:23 Gold Mining
23:23 Stone Mining
25:51 Crossbowman
27:01 Bodkin Arrow
27:21 Leather Archer Armor
28:17 Wheelbarrow
27:28 Town Watch
29:13 Light Cavalry
30:48 Chain Barding Armor
31:04 Iron Casting
32:32 Hand Cart
35:03 Imperial Age
33:44 Husbandry
34:20 Bow Saw
34:14 Heavy Plow
BlanquetteMagician
8:45 Loom
10:59 Feudal Age
11:21 Man-at-Arms
12:51 Double-Bit Axe
14:01 Arson
22:16 Castle Age
20:54 Fletching
21:05 Scale Mail Armor
20:49 Horse Collar
25:15 Gold Mining
25:57 Bodkin Arrow
26:59 Elite Skirmisher
30:58 Padded Archer Armor
31:17 Chain Mail Armor
31:29 Squires
35:22 Imperial Age
33:35 Heavy Plow
33:55 Bow Saw
35:17 Forging
36:04 Wheelbarrow
Connection lost

Rejoining the realm…

Still unreachable

The connection could not be restored.

Session expired

The server has moved on; the page needs a fresh start.